Map: [ESL] Data-C

Players

ShoWTimE

  • Race: Protoss Protoss
  • League: Master
  • Spawn Location: 3:00

Spirit (souL) - Winner!

  • Race: Terran Terran
  • League: Master
  • Spawn Location: 9:00

VOD

Have the link to the VOD?

Description

Time

  • Played on: Oct. 23, 2022, 9:50 p.m.
  • Length: 15:34
Show
View Real Time Build Order
Export as new Build Order

ShoWTimE Protoss 

Build Orders: 1 Gate Expand, Oracle Opening 

Get SALT Encoding   

  12  0:00  Probe  
  13  0:12  Probe  
  14  0:16  Pylon  
  14  0:24  Probe  
  15  0:34  Gateway  
  15  0:36  Probe (Chrono Boost)  
  16  0:46  Probe (Chrono Boost), Assimilator  
  17  0:51  Probe (Chrono Boost)  
  18  1:03  Probe  
  19  1:15  Probe  
  20  1:27  Nexus  
  20  1:33  Cybernetics Core  
  20  1:36  Probe  
  21  1:42  Assimilator  
  21  1:49  Probe  
  22  1:54  Pylon  
  22  2:01  Probe  
  23  2:09  Adept (Chrono Boost)  
  23  2:13  Probe  
  26  2:19  Stargate  
  26  2:25  Probe  
  26  2:28  Warp Gate  
  27  2:30  Adept (Chrono Boost)  
  29  2:38  Pylon  
  29  2:40  Probe (Chrono Boost)  
  31  2:49  Probe (Chrono Boost)  
  31  2:50  Probe (Chrono Boost)  
  32  2:55  Adept, Probe  
  32  2:56  Probe  
  36  3:04  Oracle (Chrono Boost)  
  36  3:08  Probe  
  36  3:10  Probe  
  41  3:15  Shield Battery  
  41  3:20  Probe  
  41  3:22  Probe  
  43  3:27  Gateway  
  43  3:32  Probe  
  44  3:34  Probe  
  44  3:37  Oracle  
  48  3:44  Probe  
  48  3:46  Probe  
  50  3:56  Probe  
  50  3:57  Robotics Facility  
  50  3:58  Probe, Assimilator  
  50  4:01  Pylon  
  52  4:04  Assimilator  
  52  4:08  Probe, Pylon  
  53  4:11  Probe  
  54  4:20  Probe  
  54  4:21  Sentry  
  54  4:23  Probe  
  55  4:32  Probe  
  55  4:35  Probe  
  57  4:39  Sentry  
  57  4:42  Immortal (Chrono Boost)  
  57  4:43  Pylon  
  57  4:45  Probe  
  63  4:47  Probe  
  63  4:51  Pylon  
  63  4:52  Adept  
  66  4:57  Probe  
  67  5:02  Nexus  
  67  5:07  Pylon  
  67  5:09  Probe  
  67  5:10  Probe  
  67  5:14  Robotics Bay  
  67  5:16  Observer (Chrono Boost)  
  67  5:19  Sentry  
  70  5:21  Probe  
  70  5:22  Probe  
  70  5:27  Twilight Council  
  72  5:28  Gateway  
  72  5:29  Observer (Chrono Boost)  
  72  5:31  Gateway  
  72  5:34  Probe x2  
  75  5:38  Gateway  
  75  5:46  Probe  
  75  5:51  Stalker x2  
  75  5:54  Probe  
  78  6:05  Probe  
  78  6:06  Blink (Chrono Boost)  
  78  6:09  Pylon  
  77  6:13  Colossus (Chrono Boost)  
  77  6:14  Observer, Gateway  
  77  6:16  Forge  
  77  6:17  Probe  
  77  6:18  Probe x2  
  85  6:23  Stalker  
  88  6:33  Stalker  
  88  6:35  Shield Battery  
  88  6:37  Pylon  
  90  6:40  Stalker x2  
  90  6:44  Probe  
  90  6:45  Protoss Ground Weapons Level 1 (Chrono Boost)  
  95  6:47  Pylon  
  95  6:51  Stalker  
  97  6:54  Phoenix  
  97  6:55  Probe  
  97  6:56  Probe x2  
  97  6:57  Pylon  
  100  7:01  Pylon  
  100  7:02  Colossus (Chrono Boost)  
  106  7:12  Stalker  
  106  7:13  Zealot x2  
  112  7:16  Shield Battery  
  112  7:18  Pylon  
  112  7:23  Stalker  
  112  7:24  Stalker  
  112  7:27  Probe x3  
  119  7:31  Assimilator  
  119  7:32  Assimilator  
  119  7:33  Charge (Chrono Boost)  
  119  7:35  Stalker  
  121  7:42  Probe  
  121  7:43  Probe x2  
  124  7:44  Zealot x3  
  130  7:52  Colossus (Chrono Boost)  
  136  8:01  Photon Cannon  
  134  8:06  Photon Cannon  
  134  8:07  Photon Cannon, Stalker x2  
  134  8:10  Stalker  
  140  8:15  Pylon  
  140  8:20  Pylon  
  140  8:24  Nexus  
  140  8:27  Photon Cannon  
  140  8:32  Probe  
  140  8:33  Probe x2  
  142  8:35  Stalker  
  142  8:37  Protoss Ground Weapons Level 2 (Chrono Boost), Stalker  
  146  8:43  Robotics Facility  
  146  8:44  Observer (Chrono Boost)  
  146  8:47  Probe x2  
  149  8:49  Probe  
  149  8:52  Shield Battery  
  149  8:55  Zealot x2  
  154  8:59  Zealot  
  156  9:07  Pylon  
  156  9:08  Observer (Chrono Boost)  
  157  9:10  Pylon  
  157  9:19  Pylon  
  157  9:22  Pylon  
  157  9:25  Extended Thermal Lance (Chrono Boost)  
  157  9:28  Probe x3  
  158  9:32  Zealot x4  
  158  9:35  Disruptor x2  
  171  9:43  Shield Battery  
  171  9:44  Pylon  
  171  9:45  Probe x2  
  173  9:46  Forge  
  173  9:49  Dark Shrine  
  173  9:53  Pylon  
  173  9:57  Photon Cannon  
  173  10:00  Assimilator  
  173  10:02  Assimilator  
  173  10:11  Disruptor  
  173  10:13  Disruptor  
  179  10:16  Zealot x6  
  187  10:31  Photon Cannon  
  187  10:32  Photon Cannon  
  187  10:38  Protoss Ground Armor Level 1 (Chrono Boost)  
  187  10:43  Nexus  
  187  10:46  Disruptor  
  187  10:47  Zealot x5  
  187  10:49  Disruptor  
  189  10:55  Zealot  
  126  11:07  Shadow Stride (Chrono Boost)  
  120  11:13  Gateway  
  120  11:18  Gateway  
  120  11:21  Pylon  
  120  11:22  Disruptor  
  120  11:24  Stalker x6  
  120  11:25  Disruptor  
  125  11:42  Probe x2  
  125  11:45  Gateway  
  127  11:48  Dark Templar, Gateway  
  129  11:57  Stalker x5  
  129  11:58  Disruptor  
  106  12:24  Dark Templar x8  
  106  12:27  Probe x2  
  106  12:28  Probe, Assimilator  
  125  12:31  Probe x2  
  125  12:36  Protoss Ground Weapons Level 3 (Chrono Boost)  
  127  12:39  Probe x2  
  127  12:40  Probe  
  127  12:43  Protoss Ground Armor Level 2 (Chrono Boost), Probe x2  
  132  12:50  Photon Cannon  
  123  13:01  Stalker x7  
  133  13:11  Stalker  
  135  13:16  Probe  
  135  13:17  Probe x2  
  132  13:34  Dark Templar x6  
  138  13:38  Nexus  
  138  13:39  Pylon  
  139  13:50  Stalker x2  
  139  13:54  Disruptor x2  
  131  14:08  Stalker x5  
  112  14:35  Stalker x5  
  112  14:36  Stalker x2  
  122  14:41  Stalker  
  100  15:02  Stalker x4  
  108  15:07  Stalker  
  108  15:10  Dark Templar  
  102  15:25  Stalker x3  
Show
View Real Time Build Order
Export as new Build Order

Spirit Terran - Winner!

Build Orders:  

Get SALT Encoding   

  12  0:00  SCV  
  13  0:12  SCV  
  14  0:17  Supply Depot  
  14  0:25  SCV  
  15  0:38  SCV  
  15  0:39  Barracks  
  16  0:50  SCV  
  16  0:52  Refinery  
  17  1:02  SCV  
  18  1:07  Engineering Bay  
  18  1:15  SCV  
  19  1:27  Marine  
  19  1:29  Orbital Command  
  20  1:46  Command Center  
  20  1:50  Barracks Reactor  
  20  1:55  SCV  
  21  2:02  Supply Depot  
  21  2:08  SCV  
  22  2:10  Barracks  
  22  2:20  SCV  
  23  2:23  Barracks  
  23  2:26  Marine x2  
  25  2:32  SCV  
  25  2:34  Bunker  
  27  2:44  SCV, Marine x2  
  29  2:56  SCV  
  30  2:58  Orbital Command  
  30  3:04  Barracks Tech Lab  
  30  3:05  Marine x2  
  30  3:08  SCV  
  33  3:12  Barracks Tech Lab  
  33  3:20  SCV  
  33  3:23  Marine x2  
  33  3:24  Stimpack  
  33  3:25  SCV  
  33  3:26  Supply Depot  
  33  3:27  Marine  
  37  3:32  SCV  
  39  3:35  Combat Shield  
  39  3:36  Marine  
  39  3:37  SCV  
  41  3:44  SCV  
  41  3:49  SCV  
  42  3:56  Marauder x2  
  42  4:00  Supply Depot  
  46  4:05  Engineering Bay  
  46  4:06  SCV x2, Marine x2  
  50  4:17  Marauder x2  
  50  4:19  Supply Depot  
  50  4:21  SCV x2  
  50  4:23  Supply Depot  
  50  4:24  Marine  
  56  4:26  Marine  
  56  4:33  SCV x2  
  53  4:38  Marine  
  53  4:39  Marauder  
  53  4:41  Marine  
  53  4:43  Refinery  
  53  4:44  Marine  
  53  4:45  Refinery, SCV x2  
  60  4:54  Supply Depot, Refinery  
  60  4:57  SCV x2, Marauder  
  60  4:59  Marine  
  65  5:10  SCV  
  65  5:11  SCV  
  65  5:12  Factory  
  65  5:13  Command Center  
  67  5:18  Marauder  
  71  5:21  Marauder  
  71  5:22  SCV, Marine  
  71  5:23  SCV  
  71  5:28  Supply Depot  
  74  5:31  Terran Infantry Weapons Level 1  
  74  5:34  SCV  
  74  5:35  Concussive Shells, SCV  
  76  5:40  Marauder  
  74  5:43  Marine  
  74  5:47  Marine  
  74  5:49  Marauder  
  68  5:57  Factory Reactor, Starport  
  68  6:01  Marauder, Marine  
  67  6:05  Marine  
  67  6:09  SCV  
  67  6:10  SCV, Marauder  
  69  6:11  Barracks  
  69  6:12  Barracks  
  69  6:18  Marine  
  69  6:22  SCV x2  
  69  6:23  Marauder, Marine  
  75  6:31  Marauder  
  77  6:33  Supply Depot  
  77  6:34  SCV x2  
  77  6:36  Marine  
  80  6:40  Marine  
  80  6:43  Medivac x2, Factory Reactor  
  80  6:44  Marauder  
  80  6:46  SCV  
  88  6:48  SCV  
  88  6:49  Orbital Command  
  88  6:52  Marine  
  90  6:54  Marine  
  90  6:58  SCV, Marine  
  90  6:59  Barracks Reactor, Barracks Tech Lab  
  90  7:00  SCV  
  94  7:05  Supply Depot, Marauder  
  94  7:07  Supply Depot  
  96  7:10  Marine  
  96  7:12  Marine  
  96  7:13  SCV x2, Medivac x2  
  104  7:15  SCV  
  104  7:16  Marine  
  104  7:19  Marine  
  104  7:20  Refinery  
  104  7:21  Widow Mine  
  104  7:22  Widow Mine  
  111  7:25  SCV x2, Terran Infantry Armor Level 1  
  111  7:27  Marauder  
  111  7:28  Marine  
  116  7:30  SCV, Marine  
  116  7:31  Refinery  
  116  7:33  Armory  
  116  7:36  Ghost Academy  
  117  7:37  SCV x2  
  117  7:38  Supply Depot, Marauder  
  117  7:39  Marine  
  122  7:46  Marauder  
  122  7:48  Medivac x2  
  128  7:51  SCV  
  128  7:56  SCV x2  
  129  8:03  SCV  
  129  8:05  Command Center  
  133  8:07  Ghost  
  133  8:08  Marine x2, Ghost  
  133  8:09  Marine  
  133  8:10  SCV  
  137  8:16  Ghost  
  137  8:17  Engineering Bay  
  137  8:19  Supply Depot  
  139  8:21  Supply Depot  
  139  8:29  SCV  
  139  8:30  SCV  
  139  8:32  Marine  
  141  8:40  Viking x2, Marine x2, Ghost  
  149  8:42  Marine, Ghost  
  149  8:45  Marine  
  153  8:50  Supply Depot, Terran Infantry Weapons Level 2  
  153  8:51  Supply Depot  
  153  8:53  Refinery x2, SCV x2  
  155  8:55  Marine  
  156  9:03  SCV  
  156  9:04  Missile Turret, Enhanced Shockwaves  
  157  9:11  Viking x2, Marauder, Marine  
  157  9:13  Marauder, Marine  
  167  9:18  Planetary Fortress  
  167  9:20  SCV  
  168  9:36  Marauder x2, Marine  
  173  9:41  Viking x2  
  173  9:44  Fusion Core  
  173  9:45  Starport  
  177  9:46  Terran Ship Weapons Level 1  
  177  9:54  Terran Infantry Armor Level 2  
  177  9:58  Barracks  
  177  9:59  Command Center, Barracks x2  
  177  10:04  Supply Depot  
  177  10:07  SCV x3  
  177  10:08  SCV  
  181  10:19  SCV  
  181  10:20  SCV  
  183  10:29  Personal Cloaking  
  183  10:32  Advanced Ballistics  
  183  10:33  Supply Depot  
  182  10:51  Liberator x4, Marine  
  182  10:55  Marine  
  182  10:56  Marine  
  174  11:01  Barracks Tech Lab x3, Marauder x2  
  170  11:13  Planetary Fortress  
  170  11:16  Missile Turret  
  170  11:26  Refinery  
  170  11:31  Engineering Bay, Ghost  
  172  11:33  Liberator x2  
  172  11:34  Liberator  
  172  11:35  Liberator  
  173  11:55  Nuke  
  173  11:58  Ghost x2  
  177  12:05  Marine x3  
  177  12:06  Marauder  
  180  12:12  Marine  
  180  12:13  Marine x2  
  180  12:14  Marauder  
  159  12:16  Liberator x3  
  158  12:23  Marine x3  
  158  12:24  Liberator  
  158  12:27  Marauder, Marine x2  
  164  12:30  Marine  
  164  12:31  Marine x2  
  164  12:34  Marine  
  166  12:38  Terran Ship Weapons Level 2  
  166  12:41  Marine x3  
  169  12:45  Marauder, Marine  
  169  12:48  Marauder, Marine  
  169  12:49  Marauder, Marine  
  178  12:53  Marauder  
  178  12:54  Command Center  
  180  12:59  Liberator x2, Marine x2  
  180  13:01  Marine  
  189  13:06  Liberator  
  189  13:07  Liberator  
  189  13:09  Marauder x2, Marine  
  197  13:25  Sensor Tower  
  191  13:28  Marauder, Marine  
  191  13:30  Marine  
  191  13:33  Marine  
  176  13:41  Marine  
  176  13:42  Liberator x2, Marauder x2, Marine  
  176  13:43  Missile Turret  
  176  13:48  Marine  
  185  13:53  Marauder, Marine  
  178  13:55  Marine  
  178  13:59  SCV x2  
  175  14:09  Marauder, Marine  
  166  14:12  Marine  
  159  14:23  Marauder x4, Marine  
  168  14:25  Marine  
  168  14:29  Planetary Fortress  
  168  14:30  Missile Turret  
  165  14:35  Ghost  
  165  14:36  Marine x3  
  154  14:40  Marine  
  154  14:43  Marine  
  154  14:44  Marauder x4  
  153  14:54  Marauder, Marine x2  
  153  14:58  Marine  
  155  15:00  Marine  
  155  15:05  Marauder, Marine  
  155  15:06  Marauder x3  
  162  15:12  Marine x2  
Tags
 
Add a new tag
Caveats
  • Supply blocks, unpowered buildings, or Contaminate may cause inaccurate times.
  • Supply counts are checked every 10 seconds.